 Dungeon Crawl Stone Soup version 0.24-a0-252-g5076262 (webtiles) character file.

Game seed: 16430346494327712881

21 Borgoz the Cutter (level 2, -2/18 HPs)
             Began as a Gargoyle Gladiator on Apr 17, 2019.
             Slain by a kobold
             ... wielding a +0 hand axe of electrocution
              (3 damage)
             ... on level 2 of the Dungeon.
             The game lasted 00:01:06 (932 turns).

Borgoz the Cutter (Gargoyle Gladiator)               Turns: 932, Time: 00:01:07

Health: -2/18      AC:  6    Str: 17    XL:     2   Next: 87%
Magic:  2/2        EV: 12    Int: 13    God:
Gold:   63         SH:  0    Dex: 11    Spells: 1/1 levels left

rFire    . . .     SeeInvis .   a - +0 rapier
rCold    . . .     Gourm    .   (no shield)
rNeg     + + .     Faith    .   b - +0 leather armour
rPois    ∞         Spirit   .   c - +0 helmet
rElec    +         Reflect  .   (no cloak)
rCorr    .         Harm     .   (no gloves)
MR       .....                  (no boots)
Stlth    +.........             (no amulet)
HPRegen  0.06/turn              g - ring of positive energy
MPRegen  0.08/turn              (no ring)

@: brilliant, flying
A: negative energy resistance 1, electricity resistance, unbreathing,
petrification resistance, rot immunity, AC +2
a: no special abilities


You were on level 2 of the Dungeon.
You were not hungry.

You visited 1 branch of the dungeon, and saw 2 of its levels.

You collected 63 gold pieces.

Inventory:

Hand Weapons
 a - a +0 rapier (weapon)
Missiles
 d - 2 throwing nets (quivered)
Armour
 b - a +0 leather armour (worn)
 c - a +0 helmet (worn)
Jewellery
 g - a ring of positive energy (left hand)
Scrolls
 e - a scroll of identify {unknown}
 h - 3 scrolls of enchant weapon {unknown}
 k - a scroll of remove curse {unknown}
Comestibles
 f - 3 rations


   Skills:
 + Level 2.4 Fighting
 * Level 3.0 Short Blades
 - Level 1.7 Throwing
 + Level 0.5 Armour
 * Level 2.7 Dodging
 + Level 0.8 Stealth


You had one spell level left.
You didn't know any spells.
Your spell library was empty.

Dungeon Overview and Level Annotations

Branches:
Dungeon (2/15)

Altars:


Innate Abilities, Weirdness & Mutations

You are resistant to torment.
Your stone body is resilient. (AC +2)
You are immune to poison.
You resist negative energy. (rN+)
You are resistant to electric shocks. (rElec)
You can survive without breathing.
You are immune to petrification.
You are immune to rotting.


Message History

The ball python constricts you.
You escape the ball python's grasp.
The kobold throws a stone.
The stone hits you but does no damage.
You see here a stone.
The kobold hits you.
* * * LOW HITPOINT WARNING * * *
The kobold hits you but does no damage. The ball python bites you.
* * * LOW HITPOINT WARNING * * *
The ball python grabs you. The ball python constricts you.
You escape the ball python's grasp.
Throwing (i - inventory)
d - 3 throwing nets (quivered)
Press: ? - help, Shift-Dir - straight line, f - kobold
Aim: a kobold, wielding a +0 hand axe of electrocution You throw a throwing net.
The throwing net barely misses the kobold.
The throwing net closely misses the ball python.
The throwing net hits the worm.
The worm is caught in the net!
The worm is lightly wounded.
The kobold hits you with a +0 hand axe of electrocution.
You die...

.##.. .........
......#........
. .##...#(#.# #
(.
........#.##.#.#
####.>#w.......
##.#.#.##.#...
#.KS.†.....#
#.#K#.##.#.#
###@#.##.#.#
#.[........
#.#.####.##
#.#.# ####.#.#
#.....<#
#.####.####.###
#.##.†......>..
#^##.##########


You could see a worm (caught), a ball python and 2 kobolds.

Vanquished Creatures
  A dart slug (D:1)
  A leopard gecko (D:1)
  A ball python (D:2)
  2 giant cockroaches (D:1)
  3 goblins
  A quokka (D:2)
  6 bats (D:1)
  A kobold (D:1)
  A rat (D:1)
17 creatures vanquished.

Notes
Turn   | Place    | Note
-------+----------+-------------------------------------------
     0 | D:1      | Borgoz the Gargoyle Gladiator began the quest for the Orb.
     0 | D:1      | Reached XP level 1. HP: 12/12 MP: 1/1
   479 | D:1      | Reached XP level 2. HP: 18/18 MP: 2/2
   649 | D:1      | Reached skill level 3 in Short Blades
   932 | D:2      | Slain by a kobold

Levels and vault maps discovered:
D:1:      ncdulo_lavacross, layout_loops_corners, grunt_decor_cap,
          minmay_misc_feat_pillars
D:2:      layout_basic, grunt_gozag_statues

Skill      XL: |  1  2 |
---------------+-------+-----
Short Blades   | 3 |  3.0
Fighting       | |  2.4
Throwing       | |  1.7
Armour         | |  0.5
Dodging        | |  2.7
Stealth        | |  0.8

Action                   || total
-------------------------++-------
Melee: Rapier            ||    68
Throw: Throwing net      ||     1
  Use: Potion            ||     3
 Stab: Sleeping          ||     1
Armor: Leather armour    ||    39
Dodge: Dodged            ||    71

Table legend:
 A = Non-vault XP
 B = Vault XP
 C = Vault XP percentage of total XP
 D = Non-vault monster count
 E = Vault monster count
 F = Vault count percentage of total count
                 A         B        C        D         E       F
            +---------+---------+-------+---------+---------+-------
      Total |      31 |       0 |   0.0 |      17 |       0 |   0.0
            +---------+---------+-------+---------+---------+-------
        D:1 |      25 |       0 |   0.0 |      14 |       0 |   0.0
        D:2 |       6 |       0 |   0.0 |       3 |       0 |   0.0
            +---------+---------+-------+---------+---------+-------
